 Dungeon Crawl Stone Soup version 0.24.0-1-gfbc8707122 (console) character file.

Game seed: 3280883960941750079, levelgen mode: deterministic

1618 AlterAsc the Firebug (level 8, -3/57 HPs)
             Began as a Yellow Draconian Fire Elementalist on Oct 26, 2019.
             Was a Believer of Sif Muna.
             Shot with an arrow by a centaur (6 damage)
             ... on level 7 of the Dungeon.
             The game lasted 00:42:17 (6320 turns).

AlterAsc the Firebug (DrFE)                         Turns: 6320, Time: 00:42:17

Health: -3/57      AC:  6    Str: 10    XL:     8   Next: 64%
Magic:  9/16       EV: 12    Int: 20    God:    Sif Muna [**....]
Gold:   332        SH:  0    Dex: 12    Spells: 7/18 levels left

rFire    . . .     SeeInvis .   t - +0 hunting sling
rCold    . . .     Gourm    .   (no shield)
rNeg     . . .     Faith    .   (armour unavailable)
rPois    .         Spirit   .   (helmet restricted)
rElec    .         Reflect  .   (no cloak)
rCorr    +         Harm     .   (no gloves)
MR       .....                  (no boots)
Stlth    ++........             (no amulet)
HPRegen  0.19/turn              q - +2 ring of intelligence
MPRegen  0.15/turn              (no ring)

@: short of breath
A: spit acid, unfitting armour, cold-blooded, acid resistance, AC +6
a: Breathe Acid, Channel Magic, Renounce Religion


You were on level 7 of the Dungeon.
You worshipped Sif Muna.
Sif Muna was pleased with you.
You were hungry.

You visited 2 branches of the dungeon, and saw 8 of its levels.

You collected 332 gold pieces.

Inventory:

Hand Weapons
 c - a +0 hunting sling
 r - a +2 dagger of venom
 t - a +0 hunting sling (weapon)
 z - a +1 falchion of slicing
Missiles
 h - 174 stones (quivered)
 i - 74 arrows
Armour
 y - the +5 ring mail "Hiomaiff" {rN+ MR+ Int-3, unknown}
   (You found it on level 5 of the Dungeon)

   It affects your intelligence (-3).
   It protects you from negative energy.
   It affects your resistance to hostile enchantments.
Magical Staves
 B - an uncursed staff of air
Jewellery
 q - a +2 ring of intelligence (left hand)
 s - an uncursed ring of teleportation
Scrolls
 a - 2 scrolls of noise
 d - a scroll of immolation
 e - a scroll of remove curse
 g - a scroll of identify
 m - a scroll of enchant armour {unknown}
 n - 2 scrolls of amnesia
 p - 2 scrolls of teleportation {unknown}
 v - a scroll of magic mapping {unknown}
 w - 2 scrolls of enchant weapon {unknown}
 x - a scroll of random uselessness {unknown}
Potions
 f - 2 potions of degeneration {unknown}
 j - a potion of haste {unknown}
 k - a potion of might {unknown}
 l - a potion of brilliance {unknown}
 o - 4 potions of curing {unknown}
 u - a potion of mutation {unknown}
 C - a potion of berserk rage {unknown}
Comestibles
 b - 12 rations
 A - 2 chunks of flesh


   Skills:
 - Level 1.8 Dodging
 - Level 1.7 Stealth
 * Level 5.9 Spellcasting
 + Level 5.1 Conjurations
 - Level 3.0 Hexes
 * Level 6.8 Fire Magic
 - Level 2.0 Invocations


You had 7 spell levels left.
You knew the following spells:

 Your Spells              Type           Power        Failure   Level  Hunger
a - Flame Tongue          Conj/Fire      ####.        1%          1    None
b - Throw Flame           Conj/Fire      ####..       1%          2    None
c - Conjure Flame         Conj/Fire      ####....     2%          3    ##.....
d - Corona                Hex            ###....      3%          1    None
e - Sticky Flame          Conj/Fire      ####....     9%          4    ####...

Your spell library contained the following spells:

 Spells                   Type           Power        Failure   Level  Hunger
 Inner Flame              Hex/Fire       ####....     4%          3    ##.....
 Dazzling Spray           Conj/Hex       ###...       6%          3    ##.....
 Ensorcelled Hibernation  Hex/Ice        ##....       9%          2    None
 Confuse                  Hex            ###.....     9%          3    ##.....
 Tukima's Dance           Hex            ###.....     9%          3    ##.....
 Fireball                 Conj/Fire      ####......   26%         5    #####..


Dungeon Overview and Level Annotations

Branches:
Dungeon (7/15)             Temple (1/1) D:4

Altars:
Ashenzari
Cheibriados
Dithmenos
Elyvilon
Fedhas
Gozag
Kikubaaqudgha
Makhleb
Okawaru
Ru
Sif Muna
Trog
Uskayaw
Wu Jian
Xom
Yredelemnul
Zin


Innate Abilities, Weirdness & Mutations

You can spit globs of acid.
Your golden yellow scales are hard. (AC +6)
You cannot fit into any form of body armour.
You are cold-blooded and may be slowed by cold attacks.
You are resistant to acid. (rCorr)


Message History

Confirm with . or Enter, or press ? or * to list all spells.
Aiming: Sticky Flame (safe; 10% risk of failure)
Press: ? - help, Shift-Dir - straight line, f - yak, p - howler monkey
Aim: a yak (heavily wounded)
The sticky flame hits the yak!
The yak is heavily wounded.
The yak is covered in liquid flames!
The yak burns!
A yak comes into view.
The yak closely misses you.
The centaur shoots an arrow.
The arrow hits you.
* * * LOW HITPOINT WARNING * * *
The yak burns!
The centaur shoots an arrow.
The arrow closely misses you.
The yak burns!
You kill the yak!
Sif Muna accepts your kill.
Training target 3.0 for Hexes reached!
Your Hexes skill increases to level 3!
The centaur shoots an arrow.
The arrow hits you!
* * * LOW HITPOINT WARNING * * *
The centaur shoots an arrow.
The arrow hits you.
You die...

####### #..# ##.....## #..#
#.......## #..# #........#
##..## #......([# #....#
#........## #....#
##(.......# ##..(.##
###.........# #......#
###.@.........#
##......#####((.###.......###
..(......##h☼.### ##........#
.(†..((.(Yhc### #.......#
.........(Y## ##.....##
............# ##....#
.........)...# ###..#
Y....##......# ##.##
...#####.<...# #..#


You could see 2 yaks, a centaur and 2 howler monkeys.

Vanquished Creatures
  A yak (D:7)
  The ghost of barb4r1an the Insei, an amateur OpTm (D:3)
  3 ice beasts (D:5)
  An ogre (D:4)
  Blork the orc (D:5)
  3 scorpions
  A howler monkey (D:7)
  A crimson imp (D:6)
  A jelly (D:5)
  5 orc wizards
  4 orc priests
  3 worker ants (D:4)
  3 gnolls (D:2)
  10 adders
  4 shadow imps
  2 oozes
  2 adder skeletons
  4 worms
  2 dart slugs
  5 leopard geckos
  22 orcs
  7 giant cockroaches
  15 goblins
  8 hobgoblins
  11 jackals (D:6)
  10 kobolds
  3 quokkas
  3 ball pythons
  18 bats
  5 frilled lizards
  A leopard gecko skeleton (D:7)
  A quokka skeleton (D:5)
  A quokka zombie (D:5)
  5 rats
167 creatures vanquished.

Notes
Turn   | Place    | Note
-------+----------+-------------------------------------------
     0 | D:1      | AlterAsc the Draconian Fire Elementalist began the quest
                  | for the Orb.
     0 | D:1      | Reached XP level 1. HP: 14/14 MP: 3/3
   124 | D:1      | Reached XP level 2. HP: 20/20 MP: 0/5
  1199 | D:2      | Reached XP level 3. HP: 25/26 MP: 2/6
  1217 | D:2      | Found a shadowy altar of Dithmenos.
  1403 | D:2      | Reached skill level 4 in Fire Magic
  1685 | D:2      | Reached XP level 4. HP: 33/33 MP: 4/7
  1759 | D:2      | Learned a level 2 spell: Throw Flame
  1763 | D:2      | Learned a level 3 spell: Conjure Flame
  2276 | D:3      | Reached XP level 5. HP: 38/38 MP: 5/9
  3023 | D:3      | Reached XP level 6. HP: 24/45 MP: 6/11
  3451 | D:3      | Learned a level 1 spell: Corona
  3452 | D:3      | Found an opulent altar of Gozag.
  3453 | D:3      | Found a runed translucent gate.
  3453 | D:3      | Found a runed translucent gate.
  3453 | D:3      | Found a runed translucent gate.
  3454 | D:3      | Noticed barb4r1an's ghost (amateur OpTm)
  3780 | D:4      | Reached skill level 5 in Fire Magic
  4096 | D:4      | Your scales start taking on a golden yellow colour.
  4096 | D:4      | Reached XP level 7. HP: 50/50 MP: 5/13
  4096 | D:4      | Gained mutation: You are resistant to acid. (rCorr) [Yellow
                  | Draconian growth]
  4165 | D:4      | Found a staircase to the Ecumenical Temple.
  4172 | Temple   | Entered the Ecumenical Temple
  4350 | Temple   | Became a worshipper of Sif Muna the Loreminder
  4415 | D:4      | Reached skill level 1 in Hexes
  4947 | D:3      | Killed barb4r1an's ghost
  4949 | D:3      | Reached skill level 5 in Spellcasting
  5018 | D:5      | Entered Level 5 of the Dungeon
  5027 | D:5      | Learned a level 4 spell: Sticky Flame
  5070 | D:5      | Reached * piety under Sif Muna
  5101 | D:5      | Noticed Blork the orc
  5172 | D:5      | Killed Blork the orc
  5172 | D:5      | Reached XP level 8. HP: 45/57 MP: 7/15
  5230 | D:5      | Found a snail-covered altar of Cheibriados.
  5303 | D:5      | Reached skill level 6 in Fire Magic
  5303 | D:5      | Reached skill level 1 in Invocations
  5358 | D:5      | Found an ornate altar of the Wu Jian Council.
  5359 | D:5      | Found a hide-covered altar of Uskayaw.
  5533 | D:5      | Got a jewelled ring mail
  5823 | D:6      | Found a shimmering blue altar of Sif Muna.
  5845 | D:6      | Reached skill level 5 in Conjurations
  5901 | D:6      | Found a burning altar of Makhleb.
  5905 | D:6      | Noticed a green death
  6251 | D:7      | Reached ** piety under Sif Muna
  6320 | D:7      | Shot with an arrow by a centaur

Levels and vault maps discovered:
D:1:      beargit_arrival_greenhouse, layout_basic
D:2:      layout_loops_ring, nicolae_dithmenos_shadow_blocks, minmay_bisected
D:3:      layout_loops_ring, ebering_ghost_gozag
D:4:      layout_loops_ring, minmay_temple_entry_gardened_gates, first_ration,
          minmay_ogre_servants
D:5:      layout_basic, minitemple, hangedman_abyss_or_decor_lesser_grid,
          uniq_blork_the_orc
D:6:      layout_cave_pools, makhleb_altar_promises_db, led_sif_pool
D:7:      layout_cave_pods
Temple:   minmay_temple_bridge_abc

Skill      XL: |  1  2  3  4  5  6  7  8 |
---------------+-------------------------+-----
Conjurations   | 2 3 4 5 |  5.1
Fire Magic     | 4 5 6 |  6.8
Spellcasting   | 3 4 5 |  5.9
Hexes          | 2 3 |  3.0
Invocations    | 2 |  2.0
Dodging        | |  1.8
Stealth        | |  1.7

Action                   |  1- 3 |  4- 6 |  7- 9 || total
-------------------------+-------+-------+-------++-------
Melee: Unarmed           |    12 |       |       ||    12
       Tailslap          |     1 |       |       ||     1
       Hunting sling     |       |     9 |       ||     9
 Fire: Hunting sling     |    36 |    81 |    22 ||   139
 Cast: Flame Tongue      |    56 |   134 |   100 ||   290
       Throw Flame       |       |     6 |     3 ||     9
       Conjure Flame     |       |     3 |     2 ||     5
       Corona            |       |     2 |     3 ||     5
       Sticky Flame      |       |       |    11 ||    11
 Abil: Breathe Acid      |       |       |     6 ||     6
  Use: Scroll            |       |       |     5 ||     5
  Eat: Chunk             |     3 |     8 |     9 ||    20
Armor: Skin              |    13 |    20 |    10 ||    43
Dodge: Dodged            |    44 |    47 |    31 ||   122
